 Dungeon Crawl Stone Soup version 0.22.1-2-g9c5b331 (webtiles) character file.

91 antediem the Ruffian (level 4, 0/39 (40) HPs)
             Began as a Ghoul Monk on Nov 15, 2018.
             Slain by a rat (1 damage)
             ... on level 2 of the Dungeon.
             The game lasted 00:06:07 (1429 turns).

antediem the Ruffian (Ghoul Monk)                   Turns: 1429, Time: 00:06:07

HP:   0/39 (40)     AC:  2    Str: 19    XL:     4   Next: 59%
MP:   3/3           EV: 13    Int:  5    God:
Gold: 44            SH:  0    Dex: 12    Spells: 3/3 levels left

rFire    . . .     SeeInvis .     - Unarmed
rCold    + . .     Gourm    .   (no shield)
rNeg     + + +     Faith    .   g - +0 robe
rPois    ∞         Spirit   .   (no helmet)
rElec    .         Reflect  .   (no cloak)
rCorr    .         Harm     .   (no gloves)
MR       .....                  (no boots)
Stlth    ++........             (no amulet)
HPRegen  0.00/turn              (no ring)
MPRegen  0.08/turn              (no ring)

@: mighty, rotting
A: rotting body, claws 1, carnivore, cold resistance 1, negative energy
resistance 3, inhibited regeneration, torment resistance, unbreathing
a: no special abilities


You were on level 2 of the Dungeon.
You were not hungry.

You visited 1 branch of the dungeon, and saw 2 of its levels.

You collected 44 gold pieces.

Inventory:

Armour
 a - a +0 robe
 g - a +0 robe (worn)
Jewellery
 c - a +3 ring of dexterity {unknown}
Scrolls
 f - a scroll of blinking {unknown}
Comestibles
 b - 3 rations


   Skills:
 + Level 4.0 Fighting
 + Level 3.2 Dodging
 + Level 2.9 Stealth
 * Level 4.3 Unarmed Combat


You had 3 spell levels left.
You didn't know any spells.
Your spell library was empty.

Dungeon Overview and Level Annotations

Branches:
Dungeon (2/15)

Altars:


Innate Abilities, Weirdness & Mutations

Your body is rotting away.
You thrive on raw meat.
You are immune to poison.
You have sharp fingernails.
You are carnivorous and can eat meat at any time.
Your flesh is cold resistant. (rC+)
You are immune to negative energy. (rN+++)
You do not regenerate when monsters are visible.
You are immune to unholy pain and torment.
You can survive without breathing.


Message History

The adder bites you.
* * * LOW HITPOINT WARNING * * *
The adder barely misses you. The adder bites you.
* * * LOW HITPOINT WARNING * * *
As you read the scroll labeled PAURIA MIVEQ, it crumbles to dust.
You feel aware of your surroundings.
You sensed 1 altar.
It was a scroll of magic mapping.
The adder closely misses you.
It was a potion of might.
You feel very mighty all of a sudden. The adder misses you.
You claw the adder!
You kill the adder!
You claw the leopard gecko!
You kill the leopard gecko!
You barely miss the rat. The rat barely misses you.
You closely miss the rat. You barely miss the rat. The rat closely misses you.
The rat bites you.
You die...

##.# #.########.# ###l#.####
#.# #.# #.# #..!...... #.#
#.# #.# #.#.#.#### #.# #.#
#.# #.#.#.# #.# #.#
###.####l#.#,# #.# #.#
#.....##r#.#.# #.#
#.######.....##.....#
#.######.....)......##.....#
#.............@r...........#
########<#####>.....##.....#
#.# #.#######....## #.# #.#
**.#..## #.# #.#
**.###.##**** #.# #.# *,#*
*#.,,,,, #.# #.#
**.###.[.,,,, #.# #.#
*#.#.#*#.*#. #.#####.# #...#
#,*#.


You could see a rat.

Vanquished Creatures
  Jessica (D:2)
  2 adders (D:2)
  2 oozes
  A dart slug (D:1)
  A leopard gecko (D:2)
  2 ball pythons (D:1)
  A giant cockroach (D:1)
  5 goblins
  7 hobgoblins
  5 bats (D:1)
  3 kobolds (D:1)
  8 rats
  3 plants (D:1)
41 creatures vanquished.

Notes
Turn   | Place    | Note
-------+----------+-------------------------------------------
     0 | D:1      | antediem the Ghoul Monk began the quest for the Orb.
     0 | D:1      | Reached XP level 1. HP: 19/19 MP: 0/0
   323 | D:1      | Reached XP level 2. HP: 26/26 MP: 1/1
   736 | D:1      | Reached XP level 3. HP: 30/33 MP: 2/2
  1288 | D:2      | Noticed Jessica
  1298 | D:2      | Killed Jessica
  1298 | D:2      | Reached XP level 4. HP: 35/40 MP: 3/3
  1415 | D:2      | HP: 1/39 [adder (3)]
  1429 | D:2      | Slain by a rat

Skill      XL: |  1  2  3  4 |
---------------+-------------+-----
Dodging        | 3 |  3.2
Unarmed Combat | 4 |  4.3
Fighting       | 4 |  4.0
Stealth        | |  2.9

Action                   |  1- 3 |  4- 6 || total
-------------------------+-------+-------++-------
Melee: Unarmed           |   228 |    32 ||   260
       Punch             |     6 |       ||     6
  Use: Scroll            |       |     1 ||     1
       Potion            |       |     1 ||     1
 Stab: Sleeping          |     3 |     1 ||     4
  Eat: Chunk             |    20 |     3 ||    23
Armor: Robe              |    13 |     5 ||    18
Dodge: Dodged            |    71 |    21 ||    92
